 Dungeon Crawl Stone Soup version 0.28-a0-1594-ga885d4b3d6 (webtiles) character file.

Game seed: 18419886520356408802

16 lonewolfV2 the Magician (level 2, -4/16 HPs)
             Began as a Deep Elf Transmuter on Jan 20, 2022.
             Slain by a hobgoblin (6 damage)
             ... led by Robin
             ... on level 2 of the Dungeon.
             The game lasted 00:01:51 (1879 turns).

lonewolfV2 the Magician (Deep Elf Transmuter)       Turns: 1879, Time: 00:01:52

Health: -4/16      AC:  2    Str:  7    XL:     2   Next: 37%
Magic:  8/8        EV: 12    Int: 17    God:
Gold:   29         SH:  0    Dex: 15    Spells: 6/7 levels left

rFire   . . .      SeeInvis .     - Unarmed
rCold   . . .      Faith    .   (no shield)
rNeg    . . .      Spirit   .   a - +0 robe
rPois   .          Reflect  .   (no helmet)
rElec   .          Harm     .   (no cloak)
rCorr   .          Rampage  .   (no gloves)
Will    .....                   (no boots)
Stlth   +.........              (no amulet)
HPRegen 0.05/turn               (no ring)
MPRegen 0.11/turn               (no ring)

@: no status effects
A: no striking features
a: no special abilities


You were on level 2 of the Dungeon.
You visited 1 branch of the dungeon, and saw 2 of its levels.

You collected 29 gold pieces.

Inventory:

Armour
 a - a +0 robe (worn)
Jewellery
 c - an amulet of magic regeneration
 e - a ring of ice
Scrolls
 f - a scroll of fear {unknown}
Potions
 b - a potion of might {unknown}
 d - a potion of brilliance {unknown}


   Skills:
 + Level 0.7 Fighting
 + Level 2.6 Dodging
 + Level 2.7 Unarmed Combat
 + Level 3.3 Spellcasting
 + Level 2.4 Transmutations


You had 6 spell levels left.
You knew the following spells:

 Your Spells              Type           Power      Damage    Failure   Level
a - Beastly Appendage     Tmut           22%        N/A       6%          1

Your spell library contained the following spells:

 Spells                   Type           Power      Damage    Failure   Level
 Wereblood                Tmut           11%        N/A       10%         2
 Spider Form              Tmut/Pois      6%         N/A       30%         3
 Ice Form                 Ice/Tmut       6%         N/A       71%         4


Dungeon Overview and Level Annotations

Branches:
Dungeon (2/15)

Altars:

Shops:
D:1 [

Annotations:
D:2 Robin


Message History

Done exploring.
There is a stone staircase leading down here.
You climb downwards.
There is a stone staircase leading up here.
A rat comes into view.
You hit the rat but do no damage. The rat bites you but does no damage.
You hit the rat.
You kill the rat!
You see here a rat corpse.
Robin, a hobgoblin and 2 goblins come into view.
The goblin shouts! x2; The hobgoblin shouts!
You hear a shout! x2
There are monsters nearby!
A hobgoblin comes into view.
The hobgoblin shouts!
Robin roars a battlecry!
The goblins go into a battle-frenzy!
The hobgoblin hits you but does no damage.
You hear a shout!
You hit the hobgoblin but do no damage. The hobgoblin hits you.
You hit the hobgoblin.
The hobgoblin is moderately wounded.
The hobgoblin hits you.
You hit the hobgoblin.
The hobgoblin is heavily wounded.
A hobgoblin comes into view.
The hobgoblin hits you.
* * * LOW HITPOINT WARNING * * *
You barely miss the hobgoblin.
The hobgoblin is heavily wounded.
A goblin comes into view. It is wielding a +0 dagger.
The hobgoblin barely misses you. Robin throws the goblin at you!
* * * LOW HITPOINT WARNING * * *
The hobgoblin shouts!
You hit the hobgoblin but do no damage.
The hobgoblin is heavily wounded.
The goblin closely misses you. The hobgoblin barely misses you.
You closely miss the hobgoblin.
The hobgoblin is heavily wounded.
The goblin barely misses you. The hobgoblin hits you.
You die...

################
g.ggggg@.#......
########g..#
#.....#
##########.##..#
#..............#
#.########.#.#.#
#.# #.#.#.# #.#
#.# #.# #.# #.#
.#


You could see Robin, 3 hobgoblins and 3 goblins.

Vanquished Creatures
  3 endoplasms (D:1)
  A giant cockroach (D:1)
  3 kobolds (D:1)
  3 bats (D:1)
  A frilled lizard (D:1)
  A goblin (D:1)
  4 rats
16 creatures vanquished.

Notes
Turn   | Place    | Note
-------+----------+-------------------------------------------
     0 | D:1      | lonewolfV2 the Deep Elf Transmuter began the quest for the
                  | Orb.
     0 | D:1      | Reached XP level 1. HP: 11/11 MP: 6/6
    80 | D:1      | Found Imoerar's Antique Armour Shop.
    97 | D:1      | Found a faded altar of an unknown god.
   759 | D:1      | Reached XP level 2. HP: 15/16 MP: 8/8
  1871 | D:2      | Noticed Robin
  1879 | D:2      | Slain by a hobgoblin

Illustrated notes

Levels and vault maps discovered:
D:1:      tarquinn_simple_flora_water_b, layout_basic,
          shapermc_ecumenical_altar_starsandcircs, serial_shops,
          nicolae_shop_stone, chequers_jeans, hangedman_glass_teeth
D:2:      wad_river_or_something, layout_basic, minmay_quantized, uniq_natasha,
          uniq_robin

Action                   || total
-------------------------++-------
Melee: Unarmed           ||    44
       Kick              ||     7
 Cast: Beastly Appendage ||     6
 Stab: Sleeping          ||     1
Armor: Robe              ||    27
Dodge: Dodged            ||    70

Table legend: (Time is in decaauts)
 A = Elapsed time spent in this place.
 B = Non-inter-level travel time spent in this place.
 C = Inter-level travel time spent in this place.
 D = Time resting spent in this place.
 E = Time spent auto-exploring this place.
 F = Levels seen in this place.
 G = Mean time per level.
                   A        B        C        D        E       F      G
               +--------+--------+--------+--------+--------+-----+--------+
         Total |   1878 |   1865 |     13 |    182 |   1421 |   2 |  939.0 |
       Dungeon |   1878 |   1865 |     13 |    182 |   1421 |   2 |  939.0 |
               +--------+--------+--------+--------+--------+-----+--------+

Top non-repeatable levels by time:
     D:1: 1839 daAuts
     D:2: 38 daAuts
